 Dungeon Crawl Stone Soup version 0.18-a0-1300-g6e8322c (webtiles) character file.

40 MackTheKnife the Insei (level 3, -6/29 HPs)
             Began as a Demonspawn Monk on Feb 12, 2016.
             Mangled by Crazy Yiuf
             ... wielding a +3 quarterstaff of chaos
              (13 damage)
             ... on level 2 of the Dungeon.
             The game lasted 00:01:45 (1665 turns).

MackTheKnife the Insei (Demonspawn Monk)            Turns: 1665, Time: 00:01:46

Health: -6/29      AC:  3    Str: 11    XL:     3   Next: 30%
Magic:  3/3        EV: 12    Int: 11    God:
Gold:   76         SH:  0    Dex: 16    Spells: 0 memorised, 2 levels left

rFire  . . .     SeeInvis .       - Unarmed
rCold  . . .     Gourm    .     l - +0 leather armour
rNeg   . . .     Faith    .     (no shield)
rPois  .         Spirit   .     (helmet restricted)
rElec  .         Dismiss  .     (no cloak)
rCorr  .         Reflect  .     (no gloves)
SustAt .         Harm     .     (no boots)
MR     .....                    (no amulet)
Stlth  +.........               (no ring)
                                (no ring)

@: confused, lethally poisoned (-6 -> -19), not resistant to hostile
enchantments, very unstealthy
A: horns 1
a: no special abilities


You were on level 2 of the Dungeon.
You were not hungry.

You visited 1 branch of the dungeon, and saw 2 of its levels.

You collected 76 gold pieces.

Inventory:

Hand Weapons
 a - a +0 mace of protection
   (You found it on level 2 of the Dungeon)
Armour
 l - a +0 leather armour (worn)
   (You found it on level 2 of the Dungeon)
Scrolls
 c - 2 scrolls of identify {unknown}
 e - a scroll of recharging
Potions
 d - a potion of ambrosia {!q}
 g - a potion of might {unknown}
 h - a potion of cure mutation {unknown}
 i - a potion of magic {unknown}
 k - a potion of brilliance {unknown}
Comestibles
 b - 4 bread rations {@e1}
 f - a beef jerky


   Skills:
 - Level 3.0 Fighting
 - Level 2.6 Dodging
 - Level 1.7 Stealth
 + Level 4.7 Unarmed Combat


You had 2 spell levels left.
You didn't know any spells.

Dungeon Overview and Level Annotations

Branches:
Dungeon (2/15)

Altars:

Annotations:
D:2 Crazy Yiuf


Innate Abilities, Weirdness & Mutations

You have a pair of small horns on your head.


Message History

You headbutt the worm, but do no damage.
You punch the worm!
You kill the worm!
You see here a leather armour.
l - a leather armour Wear which item? (? for menu, Esc to quit)
You start removing your armour.
You continue taking off your +0 robe. x4
You finish taking off your +0 robe.
You start putting on your armour.
You continue putting on your leather armour. x5
You finish putting on your +0 leather armour.
Drop what? 12/52 slots (_ for help) (? for menu, Esc to quit)
You drop a +0 robe.
You start resting.
Eating a chunk of flesh {@w0}.
You continue eating. x2
Health restored: 29 You see here a +0 robe.
A hobgoblin comes into view.
The hobgoblin shouts!
A hobgoblin is nearby!
You see here 9 gold pieces.
You closely miss the hobgoblin. Your headbutt misses the hobgoblin.
The hobgoblin hits you.
You take 3 damage, and have 26/29 hp.
You closely miss the hobgoblin. The hobgoblin hits you.
You take 2 damage, and have 24/29 hp.
You hit the hobgoblin but do no damage. You headbutt the hobgoblin.
The hobgoblin hits you but does no damage.
You closely miss the hobgoblin. The hobgoblin closely misses you.
You hit the hobgoblin but do no damage.
The hobgoblin hits you but does no damage.
A worm comes into view.
You closely miss the hobgoblin. The hobgoblin hits you.
The worm moves out of view.
You take 2 damage, and have 22/29 hp.
You hit the hobgoblin. The hobgoblin misses you.
You hit the hobgoblin.
You kill the hobgoblin!
No target in view!
You now have 68 gold pieces (gained 9).
b - 4 bread rations {@e1} (gained 1)
The worm is too close now for your liking.
A worm is nearby!
There are no items here.
You punch the worm! The worm closely misses you.
You punch the worm! The worm barely misses you.
You hit the worm. You headbutt the worm.
You kill the worm!
No target in view!
You start resting.
Health restored: 29 You now have 76 gold pieces (gained 8).
a - a runed mace You see here a mace.
Crazy Yiuf the Enlightened comes into view.
He is wielding a quarterstaff of chaos.
Crazy Yiuf shouts!
You see here a mace.
You see here a mace.
You see here a mace.
You hit Crazy Yiuf.
Crazy Yiuf says, "Crazy?
Crazy!?
PORCUPINE!"
Crazy Yiuf hits you with a quarterstaff of chaos!
You feel your power leaking away.
You take 9 damage, and have 20/29 hp.
MASSIVE DAMAGE!!
You now have 0/3 mp.
You barely miss Crazy Yiuf.
Crazy Yiuf hits you with a quarterstaff of chaos.
Crazy Yiuf freezes you.
You take 5 damage, and have 15/29 hp.
You closely miss Crazy Yiuf. Your headbutt misses Crazy Yiuf.
Crazy Yiuf closely misses you.
Unknown command.
You hit Crazy Yiuf but do no damage.
You headbutt Crazy Yiuf, but do no damage.
Crazy Yiuf hits you but does no damage.
You barely miss Crazy Yiuf.
Crazy Yiuf hits you with a quarterstaff of chaos!
* * * LOW HITPOINT WARNING * * *
You are lethally poisoned!
You take 10 damage, and have 6/29 hp.
MASSIVE DAMAGE!!
Read which item? (? for menu, Esc to quit)
As you read the scroll labeled OCSAATA TEENN, it crumbles to dust.
It is a scroll of recharging.
You aren't carrying any rechargeable items.
* * * LOW HITPOINT WARNING * * *
You feel sick.
You take 2 damage, and have 4/29 hp.
Unknown command.
Drink which item? (? for menu, Esc to quit)
It was a potion of ambrosia.
You are confused.
You feel invigorated.
* * * LOW HITPOINT WARNING * * *
You feel sick.
Crazy Yiuf says, "Adder koolooloo meccalolo!"
Crazy Yiuf hits you with a quarterstaff of chaos!
You die...

#.# #.#.#..#......#
#.# #.#.#..###.####
#.# #.#.#..#....#
#.####.#.#..#....#
#...##.#.######..##
###.##.#.# #....#
###......# #....#
..[......# ##...#
#####.#..# ##@##
.......†.# ##g#
.######..## #)##
..........# #.#
########..# #.##
#..# #g #.## ).
#..# #). #### #).


You could see Crazy Yiuf.

Vanquished Creatures
  A gnoll (D:1)
  2 worms (D:2)
  A giant gecko (D:1)
  A giant cockroach (D:1)
  6 goblins (D:1)
  3 hobgoblins
  2 kobolds (D:1)
  2 bats (D:1)
  A giant newt (D:1)
  4 rats (D:1)
23 creatures vanquished.

Notes
Turn   | Place    | Note
--------------------------------------------------------------
     0 | D:1      | MackTheKnife the Demonspawn Monk began the quest for the Orb.
     0 | D:1      | Reached XP level 1. HP: 18/18 MP: 1/1
   258 | D:1      | Reached skill level 4 in Unarmed Combat
   258 | D:1      | Gained mutation: You have a pair of small horns on your head. [demonic ancestry]
   258 | D:1      | Reached XP level 2. HP: 8/24 MP: 2/2
   873 | D:1      | Reached XP level 3. HP: 22/29 MP: 3/3
  1651 | D:2      | Noticed Crazy Yiuf
  1663 | D:2      | HP: 6/29 [Crazy Yiuf/quarterstaff of chaos (10)]
  1665 | D:2      | Mangled by Crazy Yiuf

Vault maps used:
D:1:      lightli_arrival_flooded_house
D:2:      first_bread, uniq_crazy_yiuf_cottage

Action                   || total
-------------------------++-------
Melee: Unarmed           ||   101
  Use: Scroll            ||     1
       Potion            ||     1
 Stab: Sleeping          ||     1
  Eat: Chunk             ||     2

Vault maps used:
D:1:      lightli_arrival_flooded_house
D:2:      first_bread, uniq_crazy_yiuf_cottage

Table legend:
 A = Turns spent in this place as a percentage of turns spent in the entire game.
 B = Non-inter-level travel turns spent in this place as a percentage of non-inter-level travel turns spent in the entire game.
 C = Inter-level travel turns spent in this place as a percentage of turns spent in this place.
 D = Turns resting spent in this place as a percentage of non-inter-level travel turns spent in this place.
 E = Turns spent auto-exploring this place as a percentage of non-inter-level travel turns spent in this place.
 F = Non-inter-level travel turns spent in this place divided by the number of levels of this place that you've seen.
                   A       B       C       D       E      F
               +-------+-------+-------+-------+-------+----------------------
         Total | 100.0 | 100.0 |   0.7 |   5.6 |   7.7 | 142.0
       Dungeon | 100.0 | 100.0 |   0.7 |   5.6 |   7.7 | 142.0
               +-------+-------+-------+-------+-------+----------------------

Table legend:
 A = Kills in this place as a percentage of kills in entire the game.
 B = Kills by you in this place as a percentage of kills by you in the entire game.
 C = Kills by friends in this place as a percentage of kills by friends in the entire game.
 D = Other kills in this place as a percentage of other kills in the entire game.
 E = Experience gained in this place as a percentage of experience gained in the entire game.
 F = Experience gained in this place divided by the number of levels of this place that you have seen.
                   A       B       C       D       E      F
               +-------+-------+-------+-------+-------+----------------------
         Total | 100.0 | 100.0 |  -nan |  -nan | 100.0 |  29.0
       Dungeon | 100.0 | 100.0 |  -nan |  -nan | 100.0 |  29.0
               +-------+-------+-------+-------+-------+----------------------
